 Dungeon Crawl Stone Soup version 0.22-b1-21-g5cfc168 (webtiles) character file.

2282 Lilu the Destroyer (level 9, -1/57 HPs)
             Began as a Deep Elf Conjurer on Aug 5, 2018.
             Was a Believer of Vehumet.
             Slain by Duvessa
             ... wielding a +5 short sword
              (6 damage)
             ... on level 7 of the Dungeon.
             The game lasted 00:27:55 (6782 turns).

Lilu the Destroyer (Deep Elf Conjurer)              Turns: 6782, Time: 00:27:56

Health: -1/57      AC:  6    Str:  7    XL:     9   Next: 16%
Magic:  4/14       EV: 13    Int: 22    God:    Vehumet [**....]
Gold:   413        SH:  5    Dex: 19    Spells: 6/14 levels left

rFire    . . .     SeeInvis .   O - staff of earth
rCold    . . .     Gourm    .   l - +0 buckler (curse)
rNeg     . . .     Faith    .   a - +0 robe
rPois    .         Spirit   .   B - +0 helmet
rElec    .         Reflect  .   (no cloak)
rCorr    .         Harm     .   f - +2 pair of gloves
MR       +....                  (no boots)
Stlth    +++.......             (no amulet)
HPRegen  0.59/turn              N - +4 ring of dexterity
MPRegen  0.14/turn              Q - ring of stealth

@: no status effects
A: low mp 1, magic resistance 1, regeneration 1, subdued magic 1
a: Renounce Religion


You were on level 7 of the Dungeon.
You worshipped Vehumet.
Vehumet was pleased with you.
You were hungry.

You visited 2 branches of the dungeon, and saw 8 of its levels.

You collected 413 gold pieces.

Inventory:

Hand Weapons
 u - a +0 blowgun
 G - a +1 dagger of venom
 J - a +0 shortbow
 K - a +0 dagger of venom
 L - a cursed -2 war axe
Missiles
 d - 4 silver tomahawks (quivered)
 v - 21 poisoned needles
 F - 99 stones
 I - 45 arrows
 M - 17 bolts
Armour
 a - a +0 robe (worn)
 f - a +2 pair of gloves (worn)
 l - a cursed +0 buckler (worn)
 p - a +0 leather armour of fire resistance
 B - a +0 helmet (worn)
Magical Staves
 O - an uncursed staff of earth (weapon)
Jewellery
 o - a +2 ring of dexterity
 s - an uncursed amulet of faith
 C - an uncursed ring of wizardry
 E - an uncursed ring of flight
 N - a +4 ring of dexterity (left hand)
 Q - a ring of stealth (right hand)
Wands
 D - a wand of acid (22)
Scrolls
 b - 2 scrolls of remove curse
 e - 4 scrolls of teleportation {unknown}
 i - 2 scrolls of fog {unknown}
 j - 2 scrolls of identify {unknown}
 n - a scroll of blinking {unknown}
 q - 5 scrolls of immolation {unknown}
 w - 3 scrolls of amnesia {unknown}
 y - 2 scrolls of enchant armour {unknown}
 z - a scroll of enchant weapon {unknown}
 A - 4 scrolls of magic mapping {unknown}
Potions
 g - a potion of heal wounds {unknown}
 h - 3 potions of mutation
 k - 3 potions of flight {unknown}
 m - 2 potions of might {unknown}
 r - 2 potions of berserk rage {unknown}
 t - 3 potions of agility {unknown}
 x - a potion of haste {unknown}
 H - a potion of curing {unknown}
 P - a potion of ambrosia {unknown}
Comestibles
 c - 11 rations


   Skills:
 + Level 7.6 Fighting
 - Level 2.4 Dodging
 - Level 2.4 Stealth
 + Level 1.4 Shields
 - Level 3.0 Spellcasting
 - Level 9.6 Conjurations


You had 6 spell levels left.
You knew the following spells:

 Your Spells              Type           Power        Failure   Level  Hunger
a - Magic Dart            Conj           ####         1%          1    None
b - Searing Ray           Conj           #####.       1%          2    ##.....
c - Iskenderun's Mystic   Conj           #####...     2%          4    ####...
d - Sandblast             Erth           #.....       14%         1    None

Your spell library contained the following spells:

 Spells                   Type           Power        Failure   Level  Hunger
 Fulminant Prism          Conj/Hex       ###.......   21%         4    ####...
 Dazzling Spray           Conj/Hex       ###...       5%          3    ###....
 Force Lance              Conj/Tloc      ###.....     21%         4    ####...


Dungeon Overview and Level Annotations

Branches:
Dungeon (7/15)             Temple (1/1) D:4

Altars:
Ashenzari
Cheibriados
Dithmenos
Elyvilon
Fedhas
Kikubaaqudgha
Makhleb
Okawaru
Ru
Uskayaw
Vehumet
Wu Jian
Yredelemnul
Zin
The Shining One

Annotations:
D:6 3 runed doors, 2 transporters, letownia2's ghost, novice DsTm
D:7 Duvessa


Innate Abilities, Weirdness & Mutations

Your magical capacity is low. (-10% MP)
You are resistant to hostile enchantments. (MR+)
Your natural rate of healing is unusually fast.
Your spells are a little easier to cast, but a little less powerful.


Message History

Confirm with . or Enter, or press ? or * to list all spells.
Aiming: Searing Ray (safe; 1% risk of failure)
Press: ? - help, Shift-Dir - straight line, f/p - Duvessa
Aim: Duvessa, wielding an enchanted short sword and wearing a scale mail (lightly wounded, berserk, fast, unusually strong)
The searing ray hits Duvessa.
Duvessa is lightly wounded. (Press . to maintain the ray.)
You are feeling hungry.
You block Duvessa's attack.
Duvessa hits you with an enchanted short sword!!
* * * LOW HITPOINT WARNING * * *
The searing ray hits Duvessa.
Duvessa is moderately wounded.
You block Duvessa's attack.
The searing ray hits Duvessa.
Duvessa is moderately wounded.
Duvessa hits you with an enchanted short sword!
* * * LOW HITPOINT WARNING * * *
Duvessa hits you with an enchanted short sword.
You die...

.....#######.# #≈≈....≈....≈≈#
.....#....##># #≈...≈≈.≈≈...≈#
.....#....##.# #≈...≈...≈...≈#
.....#....##.# ####≈..≈..≈..≈..≈#
.....#....##.###..#≈...≈...≈...≈#
..................#≈...≈≈.≈≈...≈#
.#........##......#≈≈....≈....≈≈#
.#####....######..#≈≈≈.......≈≈≈#
.#####......# #@.#≈≈≈≈.....≈≈≈≈#
............# #e.#≈≈≈≈≈≈.≈≈≈≈≈≈#
............# #..#######'#######
............####........#.#...###
...........)'e...................
............###############...###
............# #...# #
............# #.#.###
............####### #.#..##


You could see Duvessa (berserk).

Vanquished Creatures
  A hippogriff (D:7)
  Prince Ribbit (D:7)
  A water moccasin (D:5)
  An orc warrior (D:6)
  An ice beast (D:5)
  A sky beast (D:5)
  A black bear (D:6)
  2 ogres (D:5)
  2 centaurs (D:6)
  A bullfrog (D:6)
  A scorpion (D:4)
  Dowan (D:7)
  An electric eel (D:7)
  A howler monkey (D:6)
  2 crimson imps (D:5)
  A hound (D:5)
  A jelly (D:6)
  5 orc priests
  An iguana (D:7)
  8 orc wizards
  5 worker ants
  6 adders
  3 shadow imps
  An ooze (D:6)
  2 adder skeletons
  8 worms
  2 dart slugs
  3 leopard geckos
  32 orcs
  8 bats
  3 giant cockroaches
  6 goblins
  6 hobgoblins
  5 jackals
  2 quokkas (D:4)
  A ball python (D:4)
  2 frilled lizards (D:4)
  6 kobolds
  A quokka zombie (D:6)
  9 rats
145 creatures vanquished.

Notes
Turn   | Place    | Note
-------+----------+-------------------------------------------
     0 | D:1      | Lilu the Deep Elf Conjurer began the quest for the Orb.
     0 | D:1      | Reached XP level 1. HP: 10/10 MP: 6/6
   271 | D:1      | Reached XP level 2. HP: 15/15 MP: 8/8
   278 | D:1      | Learned a level 2 spell: Searing Ray
   290 | D:1      | Reached skill level 5 in Conjurations
   794 | D:2      | Reached XP level 3. HP: 17/19 MP: 2/9
   954 | D:2      | Found an iron altar of Okawaru.
  1319 | D:2      | Reached skill level 6 in Conjurations
  1626 | D:3      | Reached XP level 4. HP: 24/24 MP: 7/10
  2470 | D:3      | Reached skill level 7 in Conjurations
  2470 | D:3      | Reached XP level 5. HP: 28/28 MP: 7/11
  2600 | D:4      | Found a staircase to the Ecumenical Temple.
  2609 | Temple   | Entered the Ecumenical Temple
  2615 | Temple   | Became a worshipper of Vehumet
  2733 | D:4      | Learned a level 4 spell: Iskenderun's Mystic Blast
  2961 | D:4      | Reached skill level 8 in Conjurations
  2961 | D:4      | Reached XP level 6. HP: 32/32 MP: 10/12
  3427 | D:4      | Found a snail-covered altar of Cheibriados.
  3589 | D:5      | Entered Level 5 of the Dungeon
  3635 | D:5      | Noticed a water moccasin
  3944 | D:5      | Reached skill level 9 in Conjurations
  4067 | D:5      | Found a blossoming altar of Fedhas.
  4129 | D:5      | Killed a water moccasin
  4129 | D:5      | Reached XP level 7. HP: 32/36 MP: 8/13
  4140 | D:5      | Reached skill level 1 in Fighting
  4254 | D:5      | Reached * piety under Vehumet
  4254 | D:5      | Offered knowledge of Sandblast by Vehumet.
  4471 | D:5      | Reached XP level 8. HP: 48/48 MP: 10/14
  4808 | D:6      | Reached skill level 5 in Fighting
  5025 | D:6      | Found a runed gate.
  5025 | D:6      | Found a runed gate.
  5025 | D:6      | Found a runed gate.
  5025 | D:6      | Noticed letownia2's ghost (novice DsTm)
  5153 | D:6      | Found a glowing golden altar of the Shining One.
  5291 | D:6      | Noticed a two-headed ogre
  5295 | D:6      | Found a transporter.
  5295 | D:6      | Found an ancient bone altar of Kikubaaqudgha.
  5302 | D:6      | Found a transporter.
  5713 | D:6      | Learned a level 1 spell: Sandblast
  6086 | D:6      | Reached ** piety under Vehumet
  6086 | D:6      | Offered knowledge of Sting by Vehumet.
  6224 | D:7      | Found a glowing golden altar of the Shining One.
  6227 | D:7      | Found a burning altar of Makhleb.
  6227 | D:7      | Found an ornate altar of the Wu Jian Council.
  6367 | D:7      | Noticed a hippogriff
  6382 | D:7      | Killed a hippogriff
  6382 | D:7      | Reached XP level 9. HP: 25/57 MP: 10/15
  6643 | D:7      | Noticed Prince Ribbit
  6654 | D:7      | Killed Prince Ribbit
  6654 | D:7      | Reached skill level 1 in Shields
  6739 | D:7      | Noticed Dowan
  6766 | D:7      | Noticed Duvessa
  6767 | D:7      | Killed Dowan
  6775 | D:7      | Gained mutation: Your spells are a little easier to cast, but a little less powerful. [potion of mutation]
  6775 | D:7      | Gained mutation: You are resistant to hostile enchantments. (MR+) [potion of mutation]
  6775 | D:7      | Gained mutation: Your magical capacity is low. (-10% MP) [potion of mutation]
  6775 | D:7      | Gained mutation: Your natural rate of healing is unusually fast. [potion of mutation]
  6782 | D:7      | Slain by Duvessa

Skill      XL: |  1  2  3  4  5  6  7  8  9 |
---------------+----------------------------+-----
Conjurations   | 5 6 7 8 9 |  9.6
Fighting       | 3 7 |  7.6
Shields        | 1 |  1.4
Dodging        | |  2.4
Stealth        | |  2.4
Spellcasting   | |  3.0

Action                   |  1- 3 |  4- 6 |  7- 9 || total
-------------------------+-------+-------+-------++-------
Melee: Club              |    49 |    28 |       ||    77
 Fire: Blowgun           |       |    44 |   106 ||   150
 Cast: Magic Dart        |    65 |    33 |    32 ||   130
       Searing Ray       |     4 |    24 |    40 ||    68
       Iskenderun's Myst |       |       |     1 ||     1
  Use: Scroll            |       |     2 |       ||     2
       Potion            |       |       |     1 ||     1
 Stab: Sleeping          |     1 |     2 |       ||     3
  Eat: Chunk             |     2 |     9 |     9 ||    20
Armor: Robe              |    15 |    30 |    23 ||    68
Dodge: Dodged            |    60 |    73 |    58 ||   191
Block: Buckler           |       |       |     2 ||     2
